 Dungeon Crawl Stone Soup version 0.21.1-1-g345015f (webtiles) character file.

198386 sanboga the Severer (level 18, -2/124 HPs)
             Began as a Gargoyle Berserker on Apr 5, 2018.
             Was the Champion of Trog.
             Slain by a salamander
             ... wielding a +0 glaive
              (11 damage)
             ... on level 4 of the Snake Pit.
             The game lasted 01:24:09 (33119 turns).

sanboga the Severer (Gargoyle Berserker)           Turns: 33119, Time: 01:24:09

Health: -2/124     AC: 51    Str: 32    XL:     18   Next: 89%
Magic:  16/16      EV:  9    Int: 14    God:    Trog [******]
Gold:   3986       SH:  0    Dex: 11    Spells: 17/17 levels left

rFire    . . .     SeeInvis .   w - +8 executioner's axe (freeze)
rCold    + . .     Gourm    .   (shield currently unavailable)
rNeg     + + .     Faith    .   k - +4 plate armour {MR+}
rPois    ∞         Spirit   .   C - +4 hat of the Elephant {Dex+2}
rElec    +         Reflect  .   J - +2 cloak
rCorr    +         Harm     .   y - +2 pair of gloves {Str+3}
MR       +++++     Clarity  +   D - +2 pair of boots
Stlth    ..........             A - amulet of the Four Winds {rN+ MR+++ Clar}
HPRegen  0.30/turn              d - ring of Curiosity {rC+ MR+ Slay+5}
MPRegen  0.15/turn              x - ring "Nocoaf" {rCorr Int+6}

@: flying
A: big wings, hooves 1, low mp 1, negative energy resistance 1, sense
surroundings 1, electricity resistance, unbreathing, petrification resistance,
rot immunity, AC +13
a: Stop Flying, Berserk, Trog's Hand, Brothers in Arms, Burn Spellbooks,
Renounce Religion


You were on level 4 of the Snake Pit.
You worshipped Trog.
Trog was exalted by your worship.
You were near starving.

You visited 5 branches of the dungeon, and saw 28 of its levels.
You also visited: Labyrinth, Sewer, Ice Cave and Desolation.

You collected 3986 gold pieces.

Inventory:

Hand Weapons
 w - a +8 executioner's axe of freezing (weapon)
 E - the +3 battleaxe "Quh Wag" {flame, Str+3}
   (Trog gifted it to you on level 6 of the Lair of Beasts)

   It has been specially enchanted to burn those struck by it, causing extra
   injury to most foes and up to half again as much damage against particularly
   susceptible opponents.
   Big, fiery blades are also staple armaments of hydra-hunters.
   It affects your strength (+3).
 F - a +4 antimagic executioner's axe
Armour
 k - a +4 plate armour of magic resistance (worn)
 y - a +2 pair of gloves of strength (worn)
 C - the +4 hat of the Elephant (worn) {Dex+2}
   (You acquired it on level 6 of the Lair of Beasts)

   It affects your dexterity (+2).
 D - a +2 pair of boots (worn)
 J - a +2 cloak (worn)
Jewellery
 d - the ring of Curiosity (left hand) {rC+ MR+ Slay+5}
   (You took it off a vampire on level 15 of the Dungeon)

   [ring of protection from cold]

   It affects your accuracy and damage with ranged weapons and melee attacks
   (+5).
   It protects you from cold.
   It affects your resistance to hostile enchantments.
 g - the ring "Zaddirph" {rElec rC+ Str+4 Int-4}
   (You found it on level 15 of the Dungeon)

   [ring of protection from cold]

   It affects your strength (+4).
   It affects your intelligence (-4).
   It protects you from cold.
   It insulates you from electricity.
 l - an uncursed ring of protection from fire
 n - the ring "Xiysik" {rElec rN++ EV+2 Dex-3 Stlth+}
   (You found it on level 15 of the Dungeon)

   [ring of evasion]

   It affects your evasion (+2).
   It affects your dexterity (-3).
   It insulates you from electricity.
   It greatly protects you from negative energy.
   It makes you more stealthy.
 x - the ring "Nocoaf" (right hand) {rCorr Int+6}
   (You found it on level 8 of the Dungeon)

   [ring of resist corrosion]

   It affects your intelligence (+6).
 A - the amulet of the Four Winds (around neck) {rN+ MR+++ Clar}
   (You found it in the Desolation of Salt)

   [amulet of nothing]

   It protects you from negative energy.
   It affects your resistance to hostile enchantments.
   It protects you against confusion.
 I - an uncursed ring of protection from fire
Wands
 b - a wand of acid (23)
 h - a wand of disintegration (7)
 i - a wand of iceblast (23)
Scrolls
 e - 4 scrolls of magic mapping
 f - 10 scrolls of identify
 m - 2 scrolls of blinking
 q - 17 scrolls of remove curse
 r - 7 scrolls of teleportation
 v - 4 scrolls of fog
 z - a scroll of silence
 B - 5 scrolls of fear
Potions
 a - 5 potions of mutation
 j - 8 potions of heal wounds
 p - 2 potions of resistance
 s - 4 potions of lignification
 t - 3 potions of invisibility
 u - 8 potions of curing
 G - 3 potions of might
 K - a potion of haste
 L - a potion of cancellation
 P - 3 potions of agility
Books
 S - a book of Beasts

   Spells                             Type                      Level
   a - Summon Butterflies             Summoning                    1
   b - Call Canine Familiar           Summoning                    3
   c - Summon Ice Beast               Ice/Summoning                4
   d - Summon Mana Viper              Hexes/Summoning              5
   e - Summon Hydra                   Summoning                    7
   Trog disapproves of the use of such an item.
Miscellaneous
 H - a phial of floods
Comestibles
 c - 35 rations


   Skills:
 + Level 17.8 Fighting
 * Level 20.4 Axes
 + Level 17.7 Armour
 - Level 1.5 Dodging


You had 17 spell levels left.
You didn't know any spells.

Dungeon Overview and Level Annotations

Branches:
Dungeon (15/15)            Temple (0/1) D:4            Lair (6/6) D:9
 Shoals (0/4) Lair:4        Snake (4/4) Lair:3        Slime (0/5) Lair:5
    Orc (2/2) D:9             Elf (1/3) Orc:2        Vaults (0/5) D:14
 Depths (0/5) D:15

Altars:
Ashenzari
Dithmenos
Elyvilon
Gozag
Hepliaklqana
Kikubaaqudgha
Makhleb
Nemelex Xobeh
Okawaru
Qazlal
Ru
Sif Muna
Trog
Uskayaw
Vehumet
Wu Jian
Xom
Yredelemnul
Zin
Beogh
Jiyva

Shops:
Orc:2 *}(=%


Innate Abilities, Weirdness & Mutations

You are resistant to torment.
Your stone body is resilient. (AC +13)
You are immune to poison.
Your large and strong wings let you fly indefinitely.
You resist negative energy. (rN+)
You are resistant to electric shocks. (rElec)
You can survive without breathing.
You are immune to petrification.
You are immune to rotting.
You have large cloven feet.
Your magical capacity is low. (-10% MP)
You passively map a small area around you.


Message History

The naga warrior hits you from afar with a halberd!
* * * LOW HITPOINT WARNING * * *
The naga mage hits you but does no damage.
The naga warrior hits you but does no damage.
The naga warrior constricts you.
You barely miss the nagaraja.
The nagaraja is heavily wounded.
You slice the naga warrior!! You freeze the naga warrior!
Your surroundings suddenly seem different.
Something loses its grip on you.
A black mamba comes into view.
The black mamba hisses angrily.
You hear a shout! 2 salamanders come into view.
You hear a shout!
The black mamba bites you but does no damage. x2
The salamander hits you but does no damage.
The salamander hits you from afar with a glaive.
* * * LOW HITPOINT WARNING * * *
You are engulfed in flames!
You die...

,, * * , #.#
.............#.. #.#
#..............# #.#
...............## #.#
................# #..
................# #..
................# #..
......N.........######.#
......S@...............#
#....N........########.#
#......#.....#.........#
#.########...........<.#
#, .###.........# * ,,##
#...[...... * **
#.........# #########..
,, ###


You could see 2 salamanders and a black mamba.

Vanquished Creatures
  A sphinx (D:15)
  Kirke (D:15)
  A tengu reaver (D:15)
  3 nagarajas (Snake:4)
  2 frost giants (D:15)
  An imperial myrmidon (Desolation)
  Aizul (Elf:1)
  A deep elf sorcerer (Elf:1)
  The ghost of dirtydan the Cruncher, a journeyman GnWn of Gozag (D:15)
  A white draconian (IceCv)
  4 halazid warlocks (Desolation)
  Snorg (D:10)
  3 fire dragons
  8 ragged hierophants (Desolation)
  The ghost of rz the Fighter, a journeyman MiBe of Trog (D:12)
  A minotaur (Lab)
  9 hydras
  An ogre mage (D:15)
  12 naga warriors
  Harold (D:10)
  6 servants of whispers (Desolation)
  4 vault guards (D:15)
  3 catoblepae
  8 peacekeepers (Desolation)
  8 centaur warriors
  14 anacondas
  A death knight (D:15)
  4 two-headed ogres
  3 dancing weapons (Elf:1)
  A death yak (IceCv)
  3 tengu warriors (D:15)
  7 naga sharpshooters
  3 orc high priests (Orc:2)
  A deep troll shaman (D:15)
  Nergalle (D:10)
  A deep elf knight (D:15)
  3 shock serpents
  4 unseen horrors
  2 flayed ghosts
  A deep elf archer (Elf:1)
  4 naga ritualists
  A wizard (D:14)
  A phantasmal warrior (D:15)
  3 lindwurms (Lair:6)
  A swamp dragon (Lair:6)
  A wolf spider (D:15)
  A mana viper (shapeshifter) (Elf:1)
  4 oklob plants (Lair:4)
  6 orc sorcerers (Orc:2)
  5 mana vipers
  5 orc knights
  10 salamanders
  15 deep elf magi (Elf:1)
  6 cyclopes
  9 ugly things
  4 manticores
  A centaur zombie (D:15)
  An ice statue (IceCv)
  13 elephants
  32 black mambas
  2 torpor snails (Lair:6)
  7 guardian serpents
  3 molten gargoyles (Desolation)
  13 naga magi
  2 gargoyles
  14 spiny frogs
  4 rime drakes
  A yaktaur (shapeshifter) (D:15)
  3 kobold demonologists
  A yaktaur (D:15)
  A freezing wraith (D:12)
  2 ice devils (Lair:1)
  6 komodo dragons
  2 tengu conjurers (D:15)
  A meliai (D:15)
  A merfolk (shapeshifter) (Elf:1)
  17 polar bears
  A queen bee (D:8)
  Grinder (D:4)
  2 hornets
  Prince Ribbit (D:6)
  12 trolls
  59 saltlings
  6 blink frogs
  A meliai zombie (D:11)
  8 hippogriffs
  3 vampires
  2 air elementals (Elf:1)
  5 shadows
  2 water elementals (Elf:1)
  5 wraiths (D:10)
  5 wyverns
  4 basilisks
  28 yaks
  A hungry ghost (D:12)
  Grum (D:8)
  A fire bat (D:10)
  Eustachio (D:6)
  3 hogs (D:15)
  4 steam dragons
  4 vampire mosquitoes (D:10)
  A soldier ant (D:11)
  5 swamp worms (Lair:6)
  3 acid dragons
  Menkaure (D:5)
  A warg (Orc:2)
  33 nagas
  26 water moccasins
  4 floating eyes (D:15)
  20 orc warriors
  11 porcupines
  9 sky beasts
  A swamp drake (Lair:6)
  Purgy (D:4)
  A black bear (Lair:2)
  4 eyes of draining
  3 ice beasts
  2 phantoms
  2 necrophages
  21 wolves
  6 centaurs
  16 ogres
  9 boggarts (D:15)
  15 crocodiles
  6 big kobolds
  The ghost of oved the Magician, an amateur DEWz (D:3)
  15 bullfrogs
  A wyvern skeleton (D:13)
  3 scorpions
  31 killer bees
  A water moccasin skeleton (D:5)
  4 howler monkeys
  3 wights (D:10)
  2 spriggan skeletons (Lab)
  A vampire bat (D:8)
  6 electric eels
  2 troll skeletons (Lab)
  8 crimson imps
  4 lava snakes (Lab)
  3 bullfrog zombies
  2 quasits
  8 orc priests
  4 hounds
  6 centaur skeletons
  3 jellies
  21 orc wizards
  A bullfrog skeleton (D:12)
  5 iguanas
  15 worker ants
  Natasha (D:3)
  A killer bee zombie (D:7)
  A hound skeleton (D:5)
  Robin (D:3)
  14 adders
  9 gnolls
  3 river rats (D:3)
  6 shadow imps
  An ooze (D:3)
  3 adder skeletons
  18 worms
  2 dart slugs
  7 leopard geckos
  104 orcs
  16 bats
  A bat skeleton (D:8)
  5 bat zombies (D:8)
  7 giant cockroaches
  5 hobgoblins
  18 jackals
  5 quokkas
  5 ball pythons
  3 frilled lizards (D:1)
  24 goblins
  29 kobolds
  A quokka skeleton (D:6)
  2 quokka zombies
  15 rats
  4 fungi
  7 plants
1164 creatures vanquished.

Vanquished Creatures (collateral kills)
  A hydra (D:11)
  A naga mage (Snake:4)
  A black mamba (Snake:2)
  A water moccasin (Snake:2)
  A boggart (D:15)
  A big kobold (D:14)
  2 killer bees (D:11)
  A ball python (Snake:2)
  6 kobolds (D:14)
15 creatures vanquished.

Vanquished Creatures (others)
  A naga warrior (Snake:2)
  2 polar bears (IceCv)
  A human (D:15)
  3 yaks (IceCv)
  A wolf (IceCv)
  A killer bee (D:9)
  2 orc priests (Orc:2)
  2 orcs (Orc:2)
  25 fungi (Lair:6)
  28 plants
66 creatures vanquished.

Grand Total: 1245 creatures vanquished

Notes
Turn   | Place    | Note
-------+----------+-------------------------------------------
     0 | D:1      | sanboga the Gargoyle Berserker began the quest for the Orb.
     0 | D:1      | Reached XP level 1. HP: 14/14 MP: 1/1
    96 | D:1      | HP: 1/21 [kobold/whip (3)]
    97 | D:1      | Reached XP level 2. HP: 1/19 MP: 2/2
   418 | D:1      | Reached skill level 3 in Axes
   826 | D:1      | Reached XP level 3. HP: 16/23 MP: 3/3
  1181 | D:2      | Reached ** piety under Trog
  1188 | D:2      | Reached XP level 4. HP: 28/29 MP: 4/4
  1395 | D:2      | Found a shattered altar of Ashenzari.
  1567 | D:2      | Found an opulent altar of Gozag.
  1766 | D:3      | Found a glowing drain.
  1784 | D:3      | Reached skill level 4 in Axes
  1785 | D:3      | Reached XP level 5. HP: 21/33 MP: 5/5
  1797 | Sewer    | Entered a sewer
  1932 | Sewer    | Noticed a big kobold
  1957 | Sewer    | Killed a big kobold
  1979 | Sewer    | Found a white marble altar of Elyvilon.
  2219 | D:3      | Noticed Natasha
  2224 | D:3      | Killed Natasha
  2224 | D:3      | Reached XP level 6. HP: 29/39 MP: 6/6
  2238 | D:3      | Reached *** piety under Trog
  2419 | D:3      | Noticed Robin
  2428 | D:3      | Killed Robin
  2550 | D:3      | Reached skill level 5 in Axes
  2556 | D:3      | Reached skill level 5 in Fighting
  2613 | D:3      | Found a faded altar of an unknown god.
  2705 | D:3      | Noticed oved's ghost (amateur DEWz)
  2719 | D:3      | Killed oved's ghost
  2719 | D:3      | Reached XP level 7. HP: 44/44 MP: 7/7
  3222 | D:4      | Found a staircase to the Ecumenical Temple.
  3303 | D:4      | Found a burning altar of Makhleb.
  3324 | D:4      | Noticed Grinder
  3334 | D:4      | Paralysed by Grinder for 2 turns
  3356 | D:4      | Killed Grinder
  3356 | D:4      | Reached **** piety under Trog
  3356 | D:4      | Reached skill level 6 in Axes
  3356 | D:4      | Reached skill level 5 in Armour
  3488 | D:4      | Found an iron altar of Okawaru.
  3490 | D:4      | Noticed Purgy
  3512 | D:4      | Killed Purgy
  3512 | D:4      | Reached XP level 8. HP: 51/51 MP: 8/8
  3884 | D:4      | Gained mutation: You passively map a small area around you. [potion of mutation]
  3884 | D:4      | Gained mutation: Your magical capacity is low. (-10% MP) [potion of mutation]
  3884 | D:4      | Gained mutation: You have large cloven feet. [potion of mutation]
  4006 | D:5      | Entered Level 5 of the Dungeon
  4088 | D:5      | Noticed Menkaure
  4090 | D:5      | Killed Menkaure
  4242 | D:5      | Reached skill level 7 in Axes
  4794 | D:6      | Found a sparkling altar of Nemelex Xobeh.
  4820 | D:6      | Reached ***** piety under Trog
  4859 | D:6      | Reached XP level 9. HP: 49/56 MP: 8/8
  5000 | D:6      | Noticed Prince Ribbit
  5003 | D:6      | Killed Prince Ribbit
  5003 | D:6      | Reached skill level 8 in Axes
  5394 | D:6      | Noticed Eustachio
  5418 | D:6      | Killed Eustachio
  5578 | D:7      | Reached skill level 9 in Axes
  5631 | D:7      | Found an ornate altar of the Wu Jian Council.
  5776 | D:7      | Reached XP level 10. HP: 33/64 MP: 4/9
  6087 | D:7      | Found a deep blue altar of Sif Muna.
  6088 | D:7      | Found a shadowy altar of Dithmenos.
  6137 | D:7      | Found a basalt altar of Yredelemnul.
  6352 | D:8      | Noticed a two-headed ogre
  6362 | D:8      | Killed a two-headed ogre
  6562 | D:8      | Reached skill level 10 in Axes
  6748 | D:8      | Found a hazy altar of Hepliaklqana.
  6750 | D:8      | Found a white marble altar of Elyvilon.
  6761 | D:8      | Noticed Grum
  6771 | D:8      | Killed Grum
  6937 | D:8      | Found an ancient bone altar of Kikubaaqudgha.
  6997 | D:8      | Noticed a centaur warrior
  7008 | D:8      | Killed a centaur warrior
  7192 | D:8      | Got a smoking amber ring
  7206 | D:8      | Identified the ring "Nocoaf" {rCorr Int+6} (You found it on level 8 of the Dungeon)
  7213 | D:8      | Noticed a kobold demonologist
  7216 | D:8      | Noticed a soul eater
  7219 | D:8      | Noticed a sun demon
  7220 | D:8      | Killed a kobold demonologist
  7301 | D:8      | Reached XP level 11. HP: 51/71 MP: 6/9
  7493 | D:8      | Reached skill level 11 in Axes
  7600 | D:8      | Found a glowing silver altar of Zin.
  7646 | D:9      | Received a gift from Trog
  8020 | D:9      | Reached skill level 10 in Fighting
  8298 | D:9      | Found a staircase to the Orcish Mines.
  8355 | D:9      | Found a staircase to the Lair.
  8601 | D:10     | Entered Level 10 of the Dungeon
  8602 | D:10     | Noticed Snorg
  8612 | D:10     | Killed Snorg
  8621 | D:10     | Reached skill level 10 in Armour
  8772 | D:10     | Reached ****** piety under Trog
  8783 | D:10     | Received a gift from Trog
  8808 | D:10     | Killed an unseen horror
  8946 | D:10     | Reached skill level 12 in Axes
  9012 | D:10     | Found a stormy altar of Qazlal.
  9045 | D:10     | Found a runed door.
  9047 | D:10     | Found a sacrificial altar of Ru.
  9102 | D:10     | Found a hide-covered altar of Uskayaw.
  9115 | D:10     | Found a shimmering altar of Xom.
  9143 | D:10     | Found an iron altar of Okawaru.
  9176 | D:10     | Found a glowing silver altar of Zin.
  9349 | D:10     | Noticed a flayed ghost
  9352 | D:10     | Killed a flayed ghost
  9480 | D:10     | Reached XP level 12. HP: 79/79 MP: 10/10
  9518 | D:10     | Noticed Nergalle
  9534 | D:10     | Killed Nergalle
  9558 | D:10     | Noticed Harold
  9576 | D:10     | Killed Harold
  9894 | D:11     | Noticed a two-headed ogre
  9903 | D:11     | Killed a two-headed ogre
 10260 | D:11     | Noticed a seven-headed hydra
 10270 | D:11     | Killed a nine-headed hydra
 10270 | D:11     | Reached skill level 13 in Axes
 11088 | D:12     | Noticed rz's ghost (journeyman MiBe)
 11164 | D:12     | Received a gift from Trog
 11268 | D:12     | Got a faintly glowing broad axe {god gift}
 11269 | D:12     | Identified the +11 broad axe of Trog's Righteous Anger {protect, SInv} (Trog gifted it to you on level 12 of the Dungeon)
 11361 | D:12     | Killed rz's ghost
 11778 | Lair:1   | Entered Level 1 of the Lair of Beasts
 11841 | Lair:1   | Found a frozen archway.
 11892 | IceCv    | Entered an ice cave
 11912 | IceCv    | Reached XP level 13. HP: 86/86 MP: 11/11
 12622 | IceCv    | Reached skill level 14 in Axes
 13268 | IceCv    | Noticed a white draconian
 13291 | IceCv    | Killed a white draconian
 14089 | Lair:1   | Received a gift from Trog
 15366 | Lair:3   | Reached skill level 15 in Axes
 15370 | Lair:3   | Gained mutation: Your large and strong wings let you fly indefinitely. [Gargoyle growth]
 15370 | Lair:3   | Reached XP level 14. HP: 94/94 MP: 12/12
 15633 | Lair:3   | Found a staircase to the Snake Pit.
 16665 | Lair:4   | Found a staircase to the Shoals.
 16684 | Lair:4   | Found a deep blue altar of Sif Muna.
 17547 | Lair:5   | Found a viscous altar of Jiyva.
 17548 | Lair:5   | Found a staircase to the Slime Pits.
 17904 | Lair:6   | Entered Level 6 of the Lair of Beasts
 17966 | Lair:6   | Received a gift from Trog
 19000 | Lair:6   | Identified a scroll of acquirement
 19001 | Lair:6   | Got a warped hat
 19029 | Lair:6   | Identified the +4 hat of the Elephant {Dex+2} (You acquired it on level 6 of the Lair of Beasts)
 19039 | Lair:6   | Reached skill level 16 in Axes
 19826 | Lair:6   | Received a gift from Trog
 19826 | Lair:6   | Reached XP level 15. HP: 24/100 MP: 2/13
 20057 | Lair:6   | Got a steaming battleaxe {god gift}
 20058 | Lair:6   | Identified the +3 battleaxe "Quh Wag" {flame, Str+3} (Trog gifted it to you on level 6 of the Lair of Beasts)
 20967 | D:13     | Found a labyrinth entrance.
 20979 | Lab      | Entered a labyrinth
 21289 | Lab      | Identified Kikubaaqudgha's Almanac of Necromancy
 21336 | Lab      | Got a steaming marble ring
 21355 | Lab      | Identified the ring "Zobiuc" {rPois Slay+5} (You took it off a minotaur in a labyrinth)
 21842 | D:13     | Received a gift from Trog
 22767 | D:14     | Found an ancient bone altar of Kikubaaqudgha.
 22946 | D:14     | Found a gate to the Vaults.
 22949 | D:14     | Reached skill level 17 in Axes
 23311 | D:15     | Entered Level 15 of the Dungeon
 23337 | D:15     | Found a shimmering altar of Xom.
 23385 | D:15     | Paralysed by a floating eye for 4 turns
 23394 | D:15     | Noticed a frost giant
 23401 | D:15     | Killed a frost giant
 23401 | D:15     | Received a gift from Trog
 23464 | D:15     | Noticed dirtydan's ghost (journeyman GnWn)
 23474 | D:15     | Got a smoking marble ring
 23511 | D:15     | Killed dirtydan's ghost
 23511 | D:15     | Reached skill level 15 in Fighting
 23522 | D:15     | Identified the ring "Xiysik" {rElec rN++ EV+2 Dex-3 Stlth+} (You found it on level 15 of the Dungeon)
 23685 | D:15     | Noticed a frost giant
 23690 | D:15     | Killed a frost giant
 23899 | D:15     | Noticed a tengu reaver
 23913 | D:15     | Killed a tengu reaver
 23932 | D:15     | Paralysed by a floating eye for 2 turns
 23946 | D:15     | Reached skill level 15 in Armour
 23987 | D:15     | Got a coiled turquoise ring
 23989 | D:15     | Identified the ring "Zaddirph" {rElec rC+ Str+4 Int-4} (You found it on level 15 of the Dungeon)
 24188 | D:15     | Reached XP level 16. HP: 107/108 MP: 8/14
 24306 | D:15     | Noticed Kirke
 24550 | D:15     | Noticed a sphinx
 24553 | D:15     | Found a white marble altar of Elyvilon.
 24923 | D:15     | Killed Kirke
 25006 | D:15     | Found a sacrificial altar of Ru.
 25082 | D:15     | Paralysed by a floating eye for 4 turns
 25110 | D:15     | Killed a sphinx
 25110 | D:15     | Received a gift from Trog
 25178 | D:15     | Got a steaming amber ring
 25181 | D:15     | Identified the ring of Curiosity {rC+ MR+ Slay+5} (You took it off a vampire on level 15 of the Dungeon)
 25399 | D:15     | Found a staircase to the Depths.
 25636 | D:15     | Reached skill level 18 in Axes
 25896 | Orc:1    | Entered Level 1 of the Orcish Mines
 25896 | Orc:1    | Found a bloodstained altar of Trog.
 26015 | Orc:1    | Found a roughly hewn altar of Beogh.
 26273 | Orc:2    | Entered Level 2 of the Orcish Mines
 26761 | Orc:2    | Found a staircase to the Elven Halls.
 26850 | Orc:2    | Paralysed by an orc sorcerer for 4 turns
 26942 | Orc:2    | Found Foskosor's Jewellery Emporium.
 27070 | Orc:2    | Received a gift from Trog
 27081 | Orc:2    | Found Tocorajueti's Assorted Antiques.
 27081 | Orc:2    | Found Atreuluu's Food Boutique.
 27278 | Orc:2    | Found Xixal's Gadget Shoppe.
 27278 | Orc:2    | Found Eckoher's Antique Weapon Boutique.
 27323 | Elf:1    | Entered Level 1 of the Elven Halls
 27345 | Elf:1    | Found a radiant altar of Vehumet.
 27553 | Elf:1    | Found a ruined gateway.
 27556 | Desolati | Entered the Desolation of Salt
 27820 | Desolati | Reached XP level 17. HP: 95/115 MP: 15/15
 28053 | Desolati | Found the amulet of the Four Winds {rN+ MR+++ Clar}
 28067 | Desolati | Received a gift from Trog
 28478 | Desolati | Got an ichor-stained helmet
 28489 | Desolati | Identified the +1 helmet of Dim Light {Str+4} (You found it in the Desolation of Salt)
 28602 | Desolati | Reached skill level 19 in Axes
 28677 | Desolati | Found the +3 robe of Folly {Archmagi, MR-- Int+5}
 29678 | Elf:1    | Noticed Aizul
 29688 | Elf:1    | Killed Aizul
 29986 | Snake:1  | Entered Level 1 of the Snake Pit
 30088 | Snake:1  | Received a gift from Trog
 30127 | Snake:1  | Found a stormy altar of Qazlal.
 30174 | Snake:1  | Reached XP level 18. HP: 85/123 MP: 16/16
 31683 | Snake:2  | Found a runed gate.
 31683 | Snake:2  | Found a runed gate.
 31683 | Snake:2  | Found a runed gate.
 31684 | Snake:2  | Received a gift from Trog
 31697 | Snake:2  | Reached skill level 20 in Axes
 32567 | Snake:4  | Entered Level 4 of the Snake Pit
 33119 | Snake:4  | Slain by a salamander

Skill      XL: |  1  2  3  4  5  6  7  8  9 10 11 12 13 14 15 16 17 18 |
---------------+-------------------------------------------------------+-----
Axes           | 3 4 5 6 7 9 10 12 13 15 16 17 18 19 20 | 20.4
Armour         | 3 4 5 6 7 9 10 11 12 14 15 16 17 | 17.7
Fighting       | 4 5 6 8 9 10 12 13 14 15 16 17 | 17.8
Dodging        | |  1.5

Action                   |  1- 3 |  4- 6 |  7- 9 | 10-12 | 13-15 | 16-18 || total
-------------------------+-------+-------+-------+-------+-------+-------++-------
Melee: Hand axe          |    75 |   169 |    57 |       |       |       ||   301
       War axe           |       |       |   314 |       |       |       ||   314
       Kick              |       |       |    61 |   155 |    92 |       ||   308
       Battleaxe         |       |       |    50 |   522 |   219 |       ||   791
       Broad axe         |       |       |       |    61 |   222 |       ||   283
       Executioner's axe |       |       |       |       |   631 |   802 ||  1433
       Unarmed           |       |       |       |       |       |     2 ||     2
Invok: Berserk           |     2 |     5 |     2 |     7 |    11 |     1 ||    28
       Burn Spellbooks   |       |       |     1 |     3 |    14 |     5 ||    23
       Brothers in Arms  |       |       |       |     1 |     3 |     2 ||     6
 Abil: Evoke Flight      |       |     1 |       |       |     1 |       ||     2
       Fly               |       |       |       |       |     1 |       ||     1
Evoke: Wand              |       |       |       |     1 |       |       ||     1
  Use: Scroll            |     5 |     4 |     7 |     4 |    16 |    19 ||    55
       Potion            |       |     1 |     4 |       |     1 |       ||     6
 Stab: Distracted        |       |       |       |       |     1 |       ||     1
       Petrified         |       |       |       |       |     3 |       ||     3
  Eat: Chunk             |     2 |     9 |    14 |    18 |    41 |    15 ||    99
       Ration            |       |       |       |     4 |     3 |     4 ||    11
Armor: Animal skin       |    25 |    75 |    17 |       |       |       ||   117
       Chain mail        |       |       |   367 |   315 |       |       ||   682
       Plate armour      |       |       |       |   346 |  1567 |   986 ||  2899
Dodge: Dodged            |    63 |   113 |   224 |   391 |   697 |   400 ||  1888
